 Dungeon Crawl Stone Soup version 0.19.0-11-g3fc08b3 (webtiles) character file.

264 Malachi the Sneak (level 5, 0/54 HPs)
             Began as a Vampire Summoner on Nov 10, 2016.
             Slain by krfreak's ghost (12 damage)
             ... on level 4 of the Dungeon.
             The game lasted 00:07:46 (3581 turns).

Malachi the Sneak (Vampire Summoner)                Turns: 3581, Time: 00:07:47

Health: 0/54       AC:  4    Str: 15    XL:     5   Next: 98%
Magic:  9/9        EV: 13    Int: 19    God:
Gold:   209        SH:  3    Dex: 14    Spells: 1 memorised, 7 levels left

rFire  . . .     SeeInvis +     f - +1 whip (venom)
rCold  . . .     Gourm    .     a - +0 robe
rNeg   . . .     Faith    .     (no shield)
rPois  .         Spirit   .     e - +1 helmet
rElec  .         Reflect  +     (no cloak)
rCorr  .         Harm     .     (no gloves)
MR     .....                    (no boots)
Stlth  ..........               h - +3 amulet of reflection
                                (no ring)
                                j - +3 ring of strength

@: berserking, lethally poisoned (0 -> 0), very slightly contaminated,
regenerating quickly, hasted, very quick
A: fangs 3, see invisible, unbreathing
a: no special abilities


You were on level 4 of the Dungeon.
You were very full.

You visited 1 branch of the dungeon, and saw 4 of its levels.

You collected 209 gold pieces.

Inventory:

Hand Weapons
 f - a +1 whip of venom (weapon)
 s - a +1 flail of protection
Missiles
 i - a throwing net (quivered)
Armour
 a - a +0 robe (worn)
 e - a +1 helmet (worn)
Jewellery
 h - a +3 amulet of reflection (around neck)
 j - a +3 ring of strength (left hand)
 u - an uncursed ring of loudness
Scrolls
 c - a scroll of remove curse
 d - 5 scrolls of recharging
 n - 2 scrolls of identify
Potions
 g - a potion of haste
 p - a potion of degeneration {unknown}
 t - a potion of resistance {unknown}
Books
 b - a book of Callings

   Spells                             Type                      Level
   a - Summon Small Mammal            Summoning                    1
   b - Call Imp                       Summoning                    2
   c - Call Canine Familiar           Summoning                    3
   d - Summon Guardian Golem          Hexes/Summoning              3
   e - Summon Lightning Spire         Summoning/Air                4
   f - Summon Ice Beast               Ice/Summoning                4


   Skills:
 + Level 0.8 Fighting
 + Level 2.6 Maces & Flails
 + Level 2.6 Dodging
 + Level 4.9 Stealth
 + Level 3.0 Spellcasting
 * Level 4.8 Summonings


You had 7 spell levels left.
You knew the following spells:

 Your Spells              Type           Power        Failure   Level  Hunger
a - Call Canine Familiar  Summ           ###.....     8%          3    ###....


Dungeon Overview and Level Annotations

Branches:
Dungeon (4/15)
 Temple: D:4-7

Altars:
Zin

Annotations:
D:4 krfreak's ghost, amateur HEFi


Innate Abilities, Weirdness & Mutations

Your natural rate of healing is unusually fast.
You have razor-sharp teeth.
You have supernaturally acute eyesight. (SInv)
You can survive without breathing.


Message History

You kill the orc!
Krfreak's ghost says, "Live by the sword, die by the sword."
You block krfreak's ghost's attack. The orc misses you.
Things that are here:
a hand axe; a leather armour You hit the orc.
The orc is lightly wounded.
You hit the orc. Your bite misses the orc.
The orc is severely wounded.
You feel sick. The orc hits you but does no damage.
You closely miss the orc.
The orc is severely wounded.
Krfreak's ghost hits you!
* * * LOW HITPOINT WARNING * * *
The orc misses you.
It was a potion of berserk rage.
A red film seems to cover your vision as you go berserk!
You feel yourself moving faster!
You feel mighty! Krfreak's ghost hits you!
You die...

....#....# #
.........#.#
#####......#
...###.#### ###.###.#
#.......# #.#.###.# #
#
#.###.##########o##...
..#.......##.W@oo...#
.......###.##.###o####
.####.#####.##.# .. .
#. #.....#.# ... #.
#[.#....# ###
##.##.#...### .
..........#
..#####......# .
..........#..####....


You could see krfreak's ghost and 4 orcs.

Vanquished Creatures
  An ogre (D:3)
  A worker ant (D:4)
  A gnoll (D:2)
  3 adders
  An ooze (D:1)
  A worm (D:2)
  An adder skeleton (D:4)
  2 dart slugs
  2 leopard geckos
  5 orcs
  2 giant cockroaches
  11 hobgoblins
  8 jackals
  8 kobolds
  3 ball pythons
  5 bats
  5 frilled lizards
  12 goblins
  9 rats
81 creatures vanquished.

Vanquished Creatures (collateral kills)
  Robin (D:2)
  2 gnolls (D:2)
  A leopard gecko (D:1)
  A ball python (D:4)
  A giant cockroach (D:1)
  2 hobgoblins (D:1)
  A bat (D:1)
  A kobold (D:1)
10 creatures vanquished.

Grand Total: 91 creatures vanquished

Notes
Turn   | Place    | Note
-------+----------+-------------------------------------------
     0 | D:1      | Malachi the Vampire Summoner began the quest for the Orb.
     0 | D:1      | Reached XP level 1. HP: 13/13 MP: 3/3
   428 | D:1      | Reached XP level 2. HP: 19/19 MP: 5/5
  1215 | D:2      | Reached XP level 3. HP: 20/24 MP: 6/6
  1237 | D:2      | Noticed Robin
  1482 | D:1      | Learned a level 3 spell: Call Canine Familiar
  1508 | D:1      | Reached skill level 1 in Maces & Flails
  1556 | D:2      | Killed Robin
  1736 | D:2      | Reached XP level 4. HP: 5/30 MP: 0/7
  2024 | D:2      | Found a faded altar of an unknown god.
  2024 | D:2      | Found a faded altar of an unknown god.
  2029 | D:2      | Found a glowing silver altar of Zin.
  2032 | D:2      | Found a faded altar of an unknown god.
  2035 | D:2      | Found a faded altar of an unknown god.
  2867 | D:3      | Reached XP level 5. HP: 24/36 MP: 9/9
  3028 | D:3      | Noticed an ogre
  3057 | D:3      | Killed an ogre
  3547 | D:4      | Noticed krfreak's ghost (amateur HEFi)
  3581 | D:4      | Slain by krfreak's ghost

Skill      XL: |  1  2  3  4  5 |
---------------+----------------+-----
Maces & Flails | 1 2 |  2.6
Stealth        | 4 |  4.9
Spellcasting   | 3 |  3.0
Fighting       | |  0.8
Dodging        | |  2.6
Summonings     | |  4.8

Action                   |  1- 3 |  4- 6 || total
-------------------------+-------+-------++-------
Melee: Whip              |   107 |   128 ||   235
       Bite              |     8 |    15 ||    23
 Cast: Summon Small Mamm |    19 |       ||    19
       Call Canine Famil |     4 |     3 ||     7
  Use: Scroll            |     4 |     7 ||    11
       Potion            |     1 |     2 ||     3
 Stab: Sleeping          |     2 |     9 ||    11
       Distracted        |       |     2 ||     2
  Eat: Corpse            |    14 |     9 ||    23
Armor: Robe              |    31 |    15 ||    46
Dodge: Dodged            |   112 |    65 ||   177
Block: Other             |     6 |    16 ||    22
       Reflection        |       |     1 ||     1
